 Dungeon Crawl Stone Soup version 0.18-a0-1788-g92de1ac (webtiles) character file.

4491 MrRokkomies the Spear-Bearer (level 10, -5/60 HPs)
             Began as an Octopode Summoner on Apr 21, 2016.
             Was a Believer of Fedhas.
             Slain by a troll (6 damage)
             ... on level 10 of the Dungeon.
             The game lasted 00:31:18 (10882 turns).

MrRokkomies the Spear-Bearer (Octopode Summoner)   Turns: 10882, Time: 00:31:19

Health: -5/60      AC:  1    Str:  9    XL:     10   Next: 38%
Magic:  2/18       EV: 12    Int: 20    God:    Fedhas [**....]
Gold:   253        SH:  5    Dex: 12    Spells: 5 memorised, 2 levels left

rFire  . . .     SeeInvis +     g - +0 trident
rCold  + . .     Gourm    .     w - +0 buckler "Bitwy" {rPois rCorr}
rNeg   . . .     Faith    .     (helmet restricted)
rPois  +         Spirit   .     z - amulet of rage
rElec  .         Dismiss  .     c - ring of see invisible
rCorr  +         Reflect  .     k - +3 ring of slaying
SustAt .         Harm     .     y - ring of protection from cold
MR     .....                    H - ring of wizardry
Stlth  +++.......               (no ring)
                                (no ring)
                                (no ring)
                                (no ring)

@: not resistant to hostile enchantments, fairly stealthy
A: almost no armour, amphibious, 8 rings, constrict 8, camouflage 1, gelatinous
body 1
a: Evolution, Sunlight, Renounce Religion, Evoke Berserk Rage


You were on level 10 of the Dungeon.
You worshipped Fedhas.
Fedhas was pleased with you.
You were very hungry.

You visited 1 branch of the dungeon, and saw 10 of its levels.

You collected 471 gold pieces.
You spent 218 gold pieces at shops.

Inventory:

Hand Weapons
 g - a +0 trident (weapon)
 i - a +0 short sword
Missiles
 e - 106 sling bullets
 q - 15 tomahawks (quivered)
 B - 46 poisoned needles
Armour
 w - the +0 buckler "Bitwy" (worn) {rPois rCorr}
   (You bought it in a shop on level 6 of the Dungeon)

   It protects you from poison.
   It protects you from acid and corrosion.
Jewellery
 c - a ring of see invisible (left tentacle)
 k - a +3 ring of slaying (right tentacle)
 y - a ring of protection from cold (on tentacle)
 z - an amulet of rage (around mantle)
 H - a ring of wizardry (on tentacle)
Wands
 x - a wand of digging (7/24)
 A - a wand of random effects (13/48)
 F - a wand of paralysis (16/24)
 I - a wand of flame (29/48)
 K - a wand of paralysis (3/24)
Scrolls
 f - 4 scrolls of teleportation
 l - 5 scrolls of remove curse
 p - 3 scrolls of magic mapping
 t - a scroll of recharging
 E - a scroll of amnesia
 J - a scroll of enchant armour
Potions
 d - 8 potions of curing
 j - 2 potions of lignification
 r - a potion of invisibility
 s - 2 potions of mutation
 u - 2 potions of haste
 v - 3 potions of berserk rage
 C - 4 potions of brilliance
 L - 2 potions of ambrosia {unknown}
 M - a potion of heal wounds {unknown}
 N - a potion of flight {unknown}
Books
 a - a book of Callings

   Spells                             Type                      Level
   a - Summon Small Mammal            Summoning                    1
   b - Call Imp                       Summoning                    2
   c - Call Canine Familiar           Summoning                    3
   d - Summon Guardian Golem          Hexes/Summoning              3
   e - Summon Lightning Spire         Summoning/Air                4
   f - Summon Ice Beast               Ice/Summoning                4
 m - a book of the Dragon

   Spells                             Type                      Level
   a - Flame Tongue                   Conjuration/Fire             1
   b - Cause Fear                     Hexes                        4
   c - Bolt of Fire                   Conjuration/Fire             6
   d - Dragon Form                    Transmutation                7
   e - Dragon's Call                  Summoning                    9
 o - a book of Beasts

   Spells                             Type                      Level
   a - Summon Butterflies             Summoning                    1
   b - Call Canine Familiar           Summoning                    3
   c - Summon Ice Beast               Ice/Summoning                4
   d - Summon Mana Viper              Hexes/Summoning              5
   e - Summon Hydra                   Summoning                    7
Comestibles
 b - 6 bread rations
 h - a meat ration
 n - 2 beef jerkies
 D - 3 fruits
 G - 10 royal jellies


   Skills:
 - Level 1.8 Fighting
 * Level 8.9 Polearms
 - Level 2.0 Dodging
 - Level 2.6 Stealth
 - Level 5.0 Shields
 * Level 5.5 Spellcasting
 - Level 8.0 Summonings
 - Level 5.3 Air Magic


You had 2 spell levels left.
You knew the following spells:

 Your Spells              Type           Power        Failure   Level  Hunger
a - Summon Lightning Spi  Summ/Air       ####....     4%          4    ####...
b - Call Imp              Summ           #####...     1%          2    None
c - Call Canine Familiar  Summ           #####...     1%          3    ##.....
d - Summon Ice Beast      Ice/Summ       ###.....     10%         4    ####...
e - Summon Mana Viper     Hex/Summ       ###.....     38%         5    #####..


Dungeon Overview and Level Annotations

Branches:
Dungeon (10/15)            Temple (0/1) D:6             Orc (0/2) D:9
   Lair: D:8-11

Altars:
Ashenzari
Fedhas
Gozag
Okawaru
Pakellas
Qazlal
Xom
Zin
The Shining One

Shops:
D:6 [   D:10 :


Innate Abilities, Weirdness & Mutations

You cannot wear most types of armour.
You are amphibious.
You can wear up to eight rings at the same time.
You can use your tentacles to constrict eight enemies at once.
Your skin changes colour to match your surroundings (Stealth).
Your rubbery body absorbs attacks (AC +1).


Message History

Your hound barely misses the troll.
Your ice beast closely misses the troll.
Your hound bites the troll.
Read which item? (? for menu, Esc to quit)
Okay, then.
Unknown command.
Drink which item? (? for menu, Esc to quit)
You're too hungry to go berserk.
You closely miss the troll.
The troll is almost dead.
The troll closely misses you. The troll claws you but does no damage.
The troll claws you!
* * * LOW HITPOINT WARNING * * *
You closely miss the troll. Your squeeze misses the troll.
The troll is almost dead.
The troll completely misses you. The troll claws you!
* * * LOW HITPOINT WARNING * * *
The troll claws you.
You die...
Fedhas appreciates your contribution to the ecosystem.

.. #..(..##..####
#####. #.....>...#
#.. .......
#.....###[#
#.#.#......
##.#######
#.#.#.#.#..#
#....?....
.)..........
#..#######
#.###.#.....###....#
#.#.# #............#
#...# #......##T@#.#
..##...#......Yh.#.#
...+ ............###
...# ............#
+#.#..###....#.###
..... ...####...
.......#. ####.
....#### .# ##.. .


You could see a troll, a friendly ice beast and a friendly hound.

Vanquished Creatures
  Erica (D:10)
  Pikel (D:8)
  A hungry ghost (D:9)
  A warg (D:9)
  Edmund (D:6)
  An ogre (D:7)
  A phantom (D:9)
  2 centaurs
  5 giant frogs
  An orc priest (D:8)
  2 scorpions
  A water moccasin skeleton (D:7)
  2 wights (D:8)
  4 crimson imps
  3 jellies (D:8)
  An orc wizard (D:5)
  5 giant frog skeletons
  2 hounds
  2 centaur skeletons
  An iguana (D:4)
  4 worker ants
  A hound skeleton (D:4)
  A gnoll (D:7)
  4 adders
  A shadow imp (D:8)
  6 oozes
  3 adder skeletons
  A worm (D:3)
  A dart slug (D:3)
  A giant gecko (D:7)
  16 orcs
  4 giant cockroaches
  15 goblins
  10 hobgoblins
  4 jackals (D:2)
  4 kobolds
  3 quokkas
  7 bats
  A giant gecko skeleton (D:9)
  2 giant newts
  A quokka skeleton (D:4)
  5 rats
133 creatures vanquished.

Vanquished Creatures (collateral kills)
  The ghost of MrRokkomies the Poker, a novice OpSu (D:7)
  A two-headed ogre (D:9)
  2 wargs (D:9)
  An ice beast (D:7)
  A sky beast (D:10)
  2 phantoms (D:7)
  2 orc warriors
  A black bear (D:9)
  2 ogres
  A centaur (D:8)
  2 giant frogs
  A gnoll sergeant (D:7)
  2 wights (D:8)
  A howler monkey (D:4)
  4 crimson imps
  A hound (D:7)
  2 orc wizards (D:9)
  3 orc priests (D:9)
  2 worker ants
  Ijyb (D:2)
  3 iguanas
  Robin (D:3)
  4 gnolls (D:7)
  2 adders
  An ooze (D:4)
  2 adder skeletons (D:7)
  7 orcs
  A hobgoblin (D:3)
  A jackal (D:2)
  2 quokkas
  A bat (D:2)
58 creatures vanquished.

Vanquished Creatures (others)
  6 necrophages
  A slave (D:8)
  An orc (D:8)
  2 wandering mushrooms
  81 toadstools
91 creatures vanquished.

Grand Total: 282 creatures vanquished

Notes
Turn   | Place    | Note
--------------------------------------------------------------
     0 | D:1      | MrRokkomies the Octopode Summoner began the quest for the Orb.
     0 | D:1      | Reached XP level 1. HP: 11/11 MP: 3/3
   759 | D:1      | Reached XP level 2. HP: 18/18 MP: 5/5
   767 | D:1      | Learned a level 2 spell: Call Imp
   908 | D:1      | Reached skill level 1 in Fighting
  1264 | D:2      | Reached XP level 3. HP: 17/24 MP: 1/6
  1302 | D:2      | Learned a level 3 spell: Call Canine Familiar
  2061 | D:2      | Noticed Ijyb
  2069 | D:2      | Killed Ijyb
  2069 | D:2      | Reached skill level 1 in Polearms
  2069 | D:2      | Reached XP level 4. HP: 27/29 MP: 3/7
  2256 | D:3      | Reached skill level 5 in Summonings
  2269 | D:3      | Noticed Robin
  2469 | D:3      | Found a faded altar to an unknown god.
  2480 | D:3      | Became a worshipper of Fedhas Madash
  2480 | D:3      | Reached * piety under Fedhas
  2690 | D:3      | Killed Robin
  2920 | D:4      | Noticed an ogre
  2929 | D:4      | HP: 1/29 [ogre/giant club (28)]
  2931 | D:4      | Killed an ogre
  2931 | D:4      | Reached XP level 5. HP: 1/34 MP: 2/8
  3430 | D:4      | Reached XP level 6. HP: 27/39 MP: 9/9
  3487 | D:4      | Found a shimmering altar of Xom.
  4171 | D:4      | Learned a level 4 spell: Summon Lightning Spire
  4278 | D:5      | Entered Level 5 of the Dungeon
  4278 | D:5      | Noticed an ice beast
  4612 | D:5      | Noticed an ice beast
  4612 | D:5      | Noticed a sky beast
  4639 | D:5      | Noticed a troll
  4690 | D:5      | Found an opulent altar of Gozag.
  4828 | D:6      | Noticed Edmund
  4837 | D:6      | Killed Edmund
  4837 | D:6      | Reached XP level 7. HP: 44/44 MP: 0/10
  4843 | D:6      | Found Leajeli's Antique Armour Emporium.
  4852 | D:6      | Bought a jewelled buckler for 218 gold pieces
  4857 | D:6      | Identified the cursed +0 buckler "Bitwy" {rPois rCorr} (You bought it in a shop on level 6 of the Dungeon)
  5224 | D:6      | Reached skill level 1 in Shields
  5460 | D:6      | Found a staircase to the Ecumenical Temple.
  5898 | D:7      | Noticed MrRokkomies's ghost (novice OpSu)
  6093 | D:6      | Reached ** piety under Fedhas
  6462 | D:7      | Killed MrRokkomies's ghost
  6462 | D:7      | Reached XP level 8. HP: 29/50 MP: 9/11
  7026 | D:7      | Reached skill level 1 in Air Magic
  7444 | D:7      | Found a shattered altar of Ashenzari.
  7537 | D:7      | Reached skill level 5 in Shields
  8166 | D:8      | Reached skill level 5 in Polearms
  8222 | D:8      | Reached XP level 9. HP: 51/54 MP: 12/12
  8689 | D:8      | Noticed Pikel
  8701 | D:8      | Killed Pikel
  8701 | D:8      | Reached skill level 5 in Air Magic
  9174 | D:8      | Found a stormy altar of Qazlal.
  9581 | D:9      | Learned a level 4 spell: Summon Ice Beast
  9645 | D:9      | Found a glowing silver altar of Zin.
  9906 | D:9      | Found a shattered altar of Ashenzari.
  9906 | D:9      | Found an iron altar of Okawaru.
  9940 | D:9      | Found a glowing golden altar of the Shining One.
  9946 | D:9      | Found an oddly glowing altar of Pakellas.
  9957 | D:9      | Noticed a two-headed ogre
  9977 | D:9      | Killed a two-headed ogre
 10051 | D:9      | Found a blossoming altar of Fedhas.
 10108 | D:9      | Reached XP level 10. HP: 44/60 MP: 4/16
 10221 | D:9      | Found a staircase to the Orcish Mines.
 10469 | D:10     | Entered Level 10 of the Dungeon
 10610 | D:10     | Noticed Erica
 10628 | D:10     | Killed Erica
 10628 | D:10     | Reached skill level 5 in Spellcasting
 10659 | D:10     | Learned a level 5 spell: Summon Mana Viper
 10703 | D:10     | Found Higraef's Book Emporium.
 10716 | D:10     | Noticed a hill giant
 10882 | D:10     | HP: 1/60 [troll (7)]
 10882 | D:10     | Slain by a troll

Vault maps used:
D:1:      minmay_arrival_stone_box, feat_on_display
D:2:      mumra_celtic_spiral_tile, first_bread, uniq_iyjb
D:3:      ecumenical_altar_1, uniq_robin
D:4:      lemuel_coloured_pillars_altar, minmay_cut_off
D:5:      basic_altar
D:6:      lemuel_temple_firewalk_marked, serial_shops, nicolae_shop_waterfront,
          uniq_edmund
D:7:      basic_altar
D:8:      grunt_qazlal_sundering, serial_undead, serial_undead_a,
          serial_undead_f, serial_undead_e, serial_undead_b,
          hangedman_little_slice_of_home, uniq_pikel
D:9:      nicolae_overflow_hidden_temple, fedhas_altar_4, kennysheep_mini,
          minmay_orc_entry_guard_dogs, basic_altar
D:10:     serial_shops, shop_statue, uniq_erica

Skill      XL: |  1  2  3  4  5  6  7  8  9 10 |
---------------+-------------------------------+-----
Fighting       | 1 |  1.8
Polearms       | 1 2 4 5 7 8 |  8.9
Summonings     | 5 6 7 8 |  8.0
Shields        | 3 5 |  5.0
Air Magic      | 3 5 |  5.3
Spellcasting   | 4 5 |  5.5
Dodging        | |  2.0
Stealth        | |  2.6

Action                   |  1- 3 |  4- 6 |  7- 9 | 10-12 || total
-------------------------+-------+-------+-------+-------++-------
Melee: Unarmed           |    12 |       |       |       ||    12
       Dagger            |     7 |       |       |       ||     7
       Constrict         |    18 |    20 |    45 |     5 ||    88
       Tentacles         |     9 |    12 |    35 |     5 ||    61
       Short sword       |    18 |       |       |       ||    18
       Trident           |    46 |    93 |   242 |    39 ||   420
Throw: Tomahawk          |       |       |     2 |       ||     2
 Cast: Call Imp          |     3 |     5 |     5 |       ||    13
       Call Canine Famil |     1 |    11 |     5 |     1 ||    18
       Summon Ice Beast  |       |       |     5 |    17 ||    22
       Summon Lightning  |       |       |     1 |     3 ||     4
Invok: Evolution         |       |       |     2 |       ||     2
  Use: Scroll            |     6 |     8 |     7 |     1 ||    22
 Stab: Sleeping          |     7 |     2 |    14 |     1 ||    24
       Distracted        |     1 |     1 |     2 |       ||     4
  Eat: Chunk             |     4 |     6 |    15 |     2 ||    27
       Meat ration       |       |     1 |     1 |       ||     2
       Pizza             |       |       |     1 |       ||     1
Armor: Skin              |     8 |     5 |     3 |     1 ||    17
Dodge: Dodged            |    47 |    48 |   103 |    22 ||   220
Block: Buckler           |       |       |    34 |     6 ||    40
